 Dungeon Crawl Stone Soup version 0.18-a0-1028-g6e46bd4 (webtiles) character file.

29 MrRokkomies the Cudgeler (level 3, -9/36 HPs)
             Began as an Ogre Skald on Jan 9, 2016.
             Mangled by Sigmund
             ... wielding a +0 scythe
              (10 damage)
             ... on level 2 of the Dungeon.
             The game lasted 00:03:42 (1048 turns).

MrRokkomies the Cudgeler (Ogre Skald)               Turns: 1048, Time: 00:03:42

Health: -9/36      AC:  3    Str: 20 (22) XL:     3   Next: 16%
Magic:  4/6        EV: 15    Int: 12      God:
Gold:   26         SH:  0    Dex: 14      Spells: 3 memorised, 0 levels left

rFire  . . .     SeeInvis .     a - +0 mace
rCold  . . .     Gourm    .     b - +0 robe
rNeg   . . .     Faith    .     (no shield)
rPois  .         Spirit   .     (helmet restricted)
rElec  .         Dismiss  .     (no cloak)
rCorr  .         Reflect  .     (gloves unavailable)
SustAt .         Harm     .     (boots unavailable)
MR     .....                    (no amulet)
Stlth  ++........               (no ring)
                                (no ring)

@: mighty, agile, lethally poisoned (-9 -> -17), very slightly contaminated, not
resistant to hostile enchantments, unstealthy
A: unfitting armour, tough skin 1
a: no special abilities


You were on level 2 of the Dungeon.
You were hungry.

You visited 1 branch of the dungeon, and saw 2 of its levels.

You collected 26 gold pieces.

Inventory:

Hand Weapons
 a - a +0 mace (weapon)
Missiles
 f - 49 stones (quivered)
 l - 2 javelins
Armour
 b - a +0 robe (worn)
Scrolls
 h - a scroll of amnesia
 j - a scroll of remove curse
Potions
 g - a potion of poison
 i - a potion of degeneration
 k - 2 potions of lignification
Books
 c - a book of Battle

   Spells                             Type                      Level
   a - Infusion                       Charms                       1
   b - Shroud of Golubria             Charms/Translocation         2
   c - Song of Slaying                Charms                       2
   d - Spectral Weapon                Hexes/Charms                 3
   e - Regeneration                   Charms/Necromancy            3
Comestibles
 d - a bread ration


   Skills:
 - Level 2.6 Fighting
 + Level 3.4 Maces & Flails
 - Level 1.3 Dodging
 - Level 2.4 Spellcasting
 * Level 2.8 Charms


You couldn't memorise any spells.
You knew the following spells:

 Your Spells              Type           Power        Failure   Level  Hunger
a - Infusion              Chrm           #.....       12%         1    ##.....
b - Shroud of Golubria    Chrm/Tloc      #.........   21%         2    ###....
c - Spectral Weapon       Hex/Chrm       #.......     43%         3    ####...


Dungeon Overview and Level Annotations

Branches:
Dungeon (2/15)

Altars:

Annotations:
D:2 Sigmund


Innate Abilities, Weirdness & Mutations

You are too large for most types of armour.
You have tough skin (AC +1).


Message History

You feel sick. Something hits you.
* * * LOW HITPOINT WARNING * * *
Drink which item? (? for menu, Esc to quit)
It was a potion of degeneration.
There was something very wrong with that liquid.
You feel weakened.
* * * LOW HITPOINT WARNING * * *
You feel sick.
Drink which item? (? for menu, Esc to quit)
It was a potion of agility.
You feel agile all of a sudden.
* * * LOW HITPOINT WARNING * * *
You feel sick. Something barely misses you.
You barely miss something.
* * * LOW HITPOINT WARNING * * *
You feel sick. Something hits you but does no damage.
You miss something.
* * * LOW HITPOINT WARNING * * *
You feel sick. Something hits you!
You die...

#...######. ##. #...# #.
#.. #...# ####. ..%.
#...###.... .....
##.).....## ...#
####.#.###.## #### .w#
#...##.# #... ..... #{##
#.#..#.###.#. .....
#@####.#.#......#. #.....
##.....#.#.##.....
#....###.######...##.###.
#....#.## #..###.# #.
#.## ###......# #. #.#
#.......## #. #.#
#.......# ## #.##
#.......##### #..#
#.......#....


You could see a worm.

Vanquished Creatures
  A giant gecko (D:2)
  7 bats (D:1)
  2 giant cockroaches
  4 goblins
  A hobgoblin (D:1)
  2 jackals (D:1)
  3 giant newts (D:1)
  5 kobolds
  A rat (D:1)
26 creatures vanquished.

Notes
Turn   | Place    | Note
--------------------------------------------------------------
     0 | D:1      | MrRokkomies the Ogre Skald began the quest for the Orb.
     0 | D:1      | Reached XP level 1. HP: 22/22 MP: 3/3
   121 | D:1      | Reached skill level 3 in Maces & Flails
   121 | D:1      | Reached XP level 2. HP: 25/29 MP: 5/5
   127 | D:1      | Learned a level 2 spell: Shroud of Golubria
   801 | D:2      | Reached XP level 3. HP: 27/36 MP: 6/6
   806 | D:2      | Learned a level 3 spell: Spectral Weapon
  1033 | D:2      | Noticed Sigmund
  1048 | D:2      | HP: 1/36 [poison (a potion of poison)]
  1048 | D:2      | Mangled by Sigmund

Vault maps used:
D:1:      co_arrival_square_in_a_square_in_a_square
D:2:      nicolae_ashenzari_panopticon, elyvilon_altar_4, first_bread,
          uniq_sigmund

Action                   || total
-------------------------++-------
Melee: Mace              ||   100
 Cast: Shroud of Golubri ||     1
  Use: Scroll            ||     5
       Potion            ||     4
